[Event "Titled Tuesday Blitz August 1 Late 2023"]
[White "Miguelitro69"]
[Black "2good4u734"]
[WhiteElo "2274"]
[BlackElo "2294"]
[Result "0-1"]
[Round "11"]
[TimeControl "180+1"]
[Date "2023.08.01"]
[WhiteClock "0:00:52"]
[BlackClock "0:00:08"]
[Board "107"]

1. e4 b6 2. d4 Bb7 3. Nc3 e6 4. Bd3 Nf6 5. Nf3 Bb4 6. Qe2 d5 7. exd5 Nxd5 8. Bd2 Bxc3 9. bxc3 Qd6 10. O-O Nf4 11. Qe3 Nxd3 12. cxd3 Nd7 13. c4 O-O 14. Bc3 Rad8 15. Rab1 a5 16. Rfd1 Qa3 17. Bb2 Qxa2 18. Qg5 Bxf3 19. gxf3 f6 20. Qg4 Rfe8 21. Kh1 Qa4 22. Rg1 Re7 23. Rg3 Qc6 24. Rbg1 Kh8 25. Rh3 Nf8 26. Qg2 Rf7 27. Rg3 Ng6 28. Rg4 f5 29. d5 exd5 30. Rg5 dxc4 31. h4 c3 32. h5 Nf4 33. Qg3 Ne2 34. Qe5 Qxf3+ 35. Kh2 Nxg1 36. Bxc3 Qxf2+ 37. Rg2 Nf3+ 38. Kh3 Qh4# 0-1


[Site "https://www.chess.com"]

[Event "Titled Tuesday Blitz August 1 Late 2023"]
[White "Simonovic, Miroslav"]
[Black "Broca Jimenez, Fernando"]
[WhiteFideId "919152"]
[BlackFideId "5104742"]
[WhiteElo "2287"]
[BlackElo "2210"]
[Result "0-1"]
[Round "11"]
[TimeControl "180+1"]
[Date "2023.08.01"]
[WhiteClock "0:00:00"]
[BlackClock "0:00:30"]
[Board "108"]

1. d4 Nf6 2. Bg5 g6 3. Bxf6 exf6 4. c4 Bg7 5. Nc3 f5 6. e3 O-O 7. g3 c6 8. Nge2 Na6 9. Bg2 Nc7 10. O-O d5 11. cxd5 Nxd5 12. Nxd5 cxd5 13. Nc3 Be6 14. Qf3 Rc8 15. Nxd5 Rc2 16. b4 Qd6 17. a3 Rfc8 18. Nf4 R8c7 19. h4 Bd7 20. Qd5 Qe7 21. Qa5 b6 22. Qa6 Bc8 23. Qd3 Qd6 24. Bd5 R7c3 25. Qb5 Bd7 26. Qa6 Rc7 27. Bb3 Bh6 28. Bxc2 Bxf4 29. exf4 Rxc2 30. Rac1 Rd2 31. Rfd1 Ra2 32. d5 Qe7 33. Qc4 Rb2 34. Rb1 Re2 35. Qd4 Ba4 36. Rd2 Re4 37. Qd3 a6 38. b5 Bxb5 39. Rxb5 axb5 40. Qxb5 Re1+ 41. Kh2 Qe4 42. Qe8+ Qxe8 0-1


[Site "https://www.chess.com"]

[Event "Titled Tuesday Blitz August 1 Late 2023"]
[White "Jahnz, Fabian"]
[Black "Li, Eric"]
[WhiteFideId "4653300"]
[BlackFideId "30939941"]
[WhiteElo "2291"]
[BlackElo "2395"]
[Result "0-1"]
[Round "11"]
[TimeControl "180+1"]
[Date "2023.08.01"]
[WhiteClock "0:00:00"]
[BlackClock "0:00:06"]
[Board "109"]

1. e4 c5 2. Nf3 d6 3. Bb5+ Nd7 4. d4 cxd4 5. Qxd4 a6 6. Bxd7+ Bxd7 7. O-O Nf6 8. c4 g6 9. Nc3 Bg7 10. Qd3 O-O 11. h3 Rc8 12. Be3 Be6 13. b3 Nd7 14. Rac1 f5 15. Bd4 fxe4 16. Nxe4 Bf5 17. Bxg7 Kxg7 18. Qc3+ Kg8 19. Rfe1 Bxe4 20. Rxe4 e5 21. Rd1 Qe7 22. Qd2 Nf6 23. Re3 Rcd8 24. Rd3 e4 25. Re3 Qg7 26. Nd4 Rfe8 27. Rde1 Re5 28. Nf3 Re7 29. Ng5 Qh6 30. Nxe4 Rxe4 31. Qa5 Ree8 32. Rxe8+ Rxe8 33. Rxe8+ Nxe8 34. Qd8 Qf8 35. b4 Qf7 36. c5 dxc5 37. bxc5 Qe6 38. g3 Kf7 39. Qb8 Qc6 40. Qf4+ Nf6 41. Qc4+ Qd5 42. Qb4 Nd7 43. Qf4+ Kg7 44. Qc7 Qc6 45. Qd8 Nxc5 46. Qd4+ Kf7 47. Qf4+ Ke8 48. Qe5+ Ne6 49. Qh8+ Nf8 50. Qe5+ Kd7 51. Qg7+ Ke8 52. Qe5+ Kf7 53. Qf4+ Kg8 54. h4 Qd7 55. h5 Qd1+ 56. Kg2 Qxh5 57. Qc4+ Kg7 58. Qc7+ Kh6 59. Qxb7 Qb5 60. Qe7 Qd5+ 61. Kg1 Ne6 62. Qh4+ Kg7 63. Qe7+ Kg8 64. Qe8+ Nf8 65. Qa4 Qe6 66. Qa5 h5 67. a3 Qc4 68. a4 Kf7 69. Qb6 Ne6 70. Qb7+ Kf6 71. a5 Qc1+ 72. Kg2 Qc4 73. Qb8 Qd5+ 74. Kg1 Qxa5 75. Qh8+ Kf7 76. Qh7+ Ng7 77. Qh8 Qa1+ 78. Kg2 Qf6 79. Qb8 Qc6+ 80. Kg1 Ne6 81. Qa7+ Kf6 82. Qe3 Qb5 83. Qd2 a5 84. Qc3+ Qe5 85. Qa3 Qc5 86. Qf3+ Ke7 87. Qb7+ Qc7 88. Qf3 Qa7 89. Qa3+ Kf7 90. Qa4 Nc5 91. Qc4+ Kg7 92. Qd4+ Kh7 93. g4 hxg4 94. Qxg4 a4 95. Qh4+ Kg8 96. Qg5 Qb6 97. Qd5+ Ne6 98. Qe5 Qa6 99. Qd5 a3 100. Qd4 Nxd4 0-1


[Site "https://www.chess.com"]

[Event "Titled Tuesday Blitz August 1 Late 2023"]
[White "Gyulamiryan-koryun"]
[Black "Vargas, Mauricio"]
[BlackFideId "4404572"]
[WhiteElo "2099"]
[BlackElo "1883"]
[Result "0-1"]
[Round "11"]
[TimeControl "180+1"]
[Date "2023.08.01"]
[WhiteClock "0:00:36"]
[BlackClock "0:01:30"]
[Board "110"]

1. e4 d5 2. exd5 Qxd5 3. Nc3 Qa5 4. d4 c6 5. Nf3 Nf6 6. Bc4 Bg4 7. h3 Bh5 8. g4 Bg6 9. Ne5 e6 10. Nxg6 hxg6 11. Bd2 Qc7 12. Qf3 Bd6 13. O-O-O Nbd7 14. h4 O-O-O 15. g5 Nh5 16. Qxf7 e5 17. dxe5 Nxe5 18. Qxc7+ Bxc7 19. Be6+ Kb8 20. Ne4 Rhe8 21. Bb3 Nf3 22. Nc5 Nxd2 23. Rxd2 Bf4 24. Ne6 Rxd2 25. Kb1 Re2 26. Nc5 Re1+ 0-1


[Site "https://www.chess.com"]